 Dungeon Crawl Stone Soup version 0.31-a0-277-g31ea1f65cc (webtiles) character file.

Game seed: 16361150293564988207

7247 Zonian the Grappler (level 10, -2/102 HPs)
             Began as a Troll Shapeshifter on July 16, 2023.
             Was a Believer of Uskayaw.
             Killed from afar by a manticore (14 damage)
             ... with a volley of spikes
             ... on level 11 of the Dungeon.
             The game lasted 00:13:30 (8602 turns).

Zonian the Grappler (Troll Shapeshifter)            Turns: 8602, Time: 00:13:30

Health: -2/102     AC: -3    Str: 27    XL:     10   Next: 88%
Magic:  9/9        EV: 12    Int:  4    God:    Uskayaw [**....]
Gold:   510        SH:  0    Dex: 12    Spells: 9/9 levels left

rFire   . .          .
                       - Unarmed
rCold   + . .        (no shield)
rNeg    . . .        a - +1 animal skin
rPois   .            (helmet currently unavailable)
rElec   .            d - melded +1 cloak
rCorr   .            (gloves unavailable)
SInv    .            (boots unavailable)
Will    .....        (no amulet)
Stlth   +            m - ring of protection from cold
HPRegen 1.17/turn    (no ring)
MPRegen 0.11/turn

%: no passive effects
@: beast-form, spiked, corroded
A: beast (slay +5), large, unfitting armour, claws 3, regeneration 1, shaggy fur
1, tough skin 1
a: Begin Untransformation, Renounce Religion, Stomp, Line Pass


You were on level 11 of the Dungeon.
You worshipped Uskayaw.
Uskayaw was noncommittal.
You were a hulking beast.
You visited 2 branches of the dungeon, and saw 11 of its levels.

You collected 510 gold pieces.

Inventory:

Hand Weapons
 y - a +5 flail of protection
Missiles
 q - 30 poisoned darts
 z - 2 throwing nets
 B - 3 javelins
Armour
 a - a +1 animal skin (worn)
 d - a +1 cloak (melded)
 A - an orb of light
Jewellery
 m - a ring of protection from cold (left claw)
 C - a ring of fire
Talismans
 c - a beast talisman
 x - a beast talisman
Wands
 j - a wand of digging (5)
 n - a wand of quicksilver (7)
 D - a wand of mindburst (15)
 G - a wand of flame (25)
Scrolls
 e - 6 scrolls of teleportation
 k - 2 scrolls of immolation
 l - 3 scrolls of vulnerability
 t - 2 scrolls of noise
 u - 2 scrolls of blinking
 v - a scroll of fear
Potions
 b - 3 potions of lignification
 f - 3 potions of brilliance
 g - a potion of ambrosia
 h - a potion of attraction
 i - a potion of enlightenment
 o - 3 potions of curing
 p - 2 potions of mutation
 r - 2 potions of cancellation
 s - a potion of magic
 w - 2 potions of might
 E - a potion of degeneration


   Skills:
 + Level 7.2 Fighting
 + Level 7.2 Dodging
 + Level 8.6 Unarmed Combat
 + Level 7.7 Shapeshifting


You had 9 spell levels left.
You didn't know any spells.
Your spell library contained the following spells:

 Spells                   Type           Power      Damage    Failure   Level
 Apportation              Tloc           0%         N/A       50%         1
 Freeze                   Ice            0%         1d3       50%         1
 Necrotise                Necr           0%         1d4       50%         1
 Summon Small Mammal      Summ           0%         N/A       50%         1
 Blink                    Tloc           0%         N/A       65%         2
 Lesser Beckoning         Tloc           0%         N/A       65%         2
 Momentum Strike          Conj/Tloc      0%         3d8       65%         2
 Dazzling Flash           Conj/Hex       0%         N/A       86%         3
 Frozen Ramparts          Ice            0%         1d1       86%         3
 Hailstorm                Conj/Ice       0%         3d3       86%         3
 Volatile Blastmotes      Fire/Tloc      0%         2d10      86%         3
 Manifold Assault         Tloc           0%         N/A       99%         4
 Petrify                  Tmut/Erth      0%         N/A       99%         4
 Metabolic Englaciation   Hex/Ice        0%         N/A       100%        5
 Starburst                Conj/Fire      0%         6d3       100%        6
 Maxwell's Capacitive Co  Air            0%         ∞         100%        8


Dungeon Overview and Level Annotations

Branches:
Dungeon (11/15)            Temple (1/1) D:5
   Lair: D:8-11         Orc: D:9-12

Altars:
Ashenzari
Cheibriados
Dithmenos
Elyvilon
Gozag
Hepliaklqana
Okawaru
Ru
Uskayaw
Vehumet
Wu Jian
Xom
Yredelemnul
Zin
The Shining One

Annotations:
D:8 3 runed translucent doors, LobsterGuardian's ghost, novice DsNe


Innate Abilities, Weirdness & Mutations

You are a hulking beast.
Your limbs bulge with bestial killing power. (Slay +5)
You are too large for most types of armour.
You have claws for hands.
Your natural rate of healing is unusually fast.
You are covered in fur. (AC +1)
You have tough skin. (AC +1)


Message History

The manticore flicks its tail.
The volley of spikes hits you!
The barbed spikes become lodged in your body.
Unknown command.
The barbs in your skin will harm you if you move.
Continue?
The barbed spikes dig painfully into your body as you move.
The manticore flicks its tail.
The volley of spikes hits you!!
The barbed spikes become lodged in your body.
* * * LOW HITPOINT WARNING * * *
There is an escape hatch in the ceiling here.
Unknown command.
Aiming: Quicksilver Bolt
Press: ? - help, Shift-Dir - straight line, f - manticore
Aim: a manticore (83% to hit)
The bolt of dispelling energy hits the manticore!
The manticore is lightly wounded.
The manticore flicks its tail.
The volley of spikes hits you.
The barbed spikes become lodged in your body.
* * * LOW HITPOINT WARNING * * *
Aiming: Quicksilver Bolt
Press: ? - help, Shift-Dir - straight line, f/p - manticore
Aim: a manticore (lightly wounded, 83% to hit)
The bolt of dispelling energy hits the manticore!
The manticore is heavily wounded.
The manticore flicks its tail.
The volley of spikes hits you!!
The barbed spikes become lodged in your body.
* * * LOW HITPOINT WARNING * * *
You can now pass through a line of other dancers.
Aiming: Quicksilver Bolt
Press: ? - help, Shift-Dir - straight line, f/p - manticore
Aim: a manticore (heavily wounded, 83% to hit)
The bolt of dispelling energy hits the manticore!
The manticore is severely wounded.
The manticore flicks its tail.
The volley of spikes hits you!
The barbed spikes become lodged in your body.
You die...

##.####### #.....##.###
#..........###
##...#...#...###
#####..#.......##.
###............[....
####.<.................
#........H..####.......
##.##..h......# #.......
#####..#...........#####....
#.......[...........# ###...
#..###.........###...##.##..
#..# ####...#### #..........
####..## ##### #...>......
###..#...# ...........
#........# ...........
#........## #.....


You could see a manticore.

Vanquished Creatures
  A two-headed ogre (D:11)
  Pikel (D:5)
  Joseph (D:8)
  Maurice (D:8)
  Psyche (D:9)
  A hornet (D:8)
  2 wraiths (D:11)
  A steam dragon (D:6)
  2 vampire mosquitoes (D:11)
  Menkaure (D:4)
  Edmund (D:5)
  2 acid dragons
  2 water moccasins
  2 ice beasts
  An orc warrior (D:7)
  4 ogres
  4 centaurs
  A lemure (D:5)
  A phantom (D:4)
  A kobold brigand (D:7)
  A bullfrog (D:6)
  A scorpion (D:5)
  2 gnoll sergeants
  17 wights
  2 jellies (D:6)
  4 killer bees (D:7)
  3 howler monkeys
  A vampire bat (D:3)
  4 hounds
  4 orc priests
  A gnoll bouda (D:7)
  A sleepcap (D:7)
  2 iguanas (D:5)
  3 orc wizards
  15 gnolls
  7 adders
  A white imp (D:7)
  2 ufetubi
  7 worms
  6 dart slugs
  3 fire bats (D:3)
  27 orcs
  2 spectral bats (D:3)
  3 bat skeletons (D:3)
  A bat zombie (D:3)
  7 endoplasms
  A giant cockroach (D:1)
  6 goblins
  7 hobgoblins
  3 jackals (D:1)
  3 quokkas
  4 ball pythons
  13 bats
  A bat simulacrum (D:3)
  A frilled lizard (D:3)
  15 kobolds
  5 rats
217 creatures vanquished.

Vanquished Creatures (collateral kills)
  A gargoyle (D:11)
  2 howler monkeys (D:11)
3 creatures vanquished.

Grand Total: 220 creatures vanquished

Notes
Turn   | Place    | Note
-------+----------+-------------------------------------------
     0 | D:1      | Zonian the Troll Shapeshifter began the quest for the Orb.
     0 | D:1      | Reached XP level 1. HP: 19/19 MP: 0/0
   131 | D:1      | Reached XP level 2. HP: 28/28 MP: 1/1
   687 | D:2      | Reached XP level 3. HP: 35/35 MP: 2/2
   963 | D:2      | Reached XP level 4. HP: 42/42 MP: 3/3
  1076 | D:2      | Found a faded altar of an unknown god.
  1628 | D:3      | Reached skill level 3 in Unarmed Combat
  1636 | D:3      | Reached XP level 5. HP: 50/50 MP: 4/4
  1818 | D:3      | Reached XP level 6. HP: 59/59 MP: 5/5
  2329 | D:4      | Reached skill level 4 in Unarmed Combat
  2757 | D:4      | Reached XP level 7. HP: 64/67 MP: 6/6
  2826 | D:5      | Entered Level 5 of the Dungeon
  2826 | D:5      | Noticed Menkaure
  2832 | D:4      | Killed Menkaure
  3322 | D:5      | Noticed Pikel
  3332 | D:5      | Killed Pikel
  3333 | D:5      | Reached skill level 5 in Unarmed Combat
  3333 | D:5      | Reached skill level 5 in Shapeshifting
  3333 | D:5      | Reached XP level 8. HP: 72/79 MP: 7/7
  3865 | D:5      | Found a staircase to the Ecumenical Temple.
  3881 | Temple   | Entered the Ecumenical Temple
  3902 | Temple   | Became a worshipper of Uskayaw the Reveller
  4052 | D:5      | Reached * piety under Uskayaw
  4084 | D:5      | Reached ** piety under Uskayaw
  4297 | D:5      | Noticed Edmund
  4311 | D:5      | Killed Edmund
  4311 | D:5      | Reached *** piety under Uskayaw
  4637 | D:6      | Reached **** piety under Uskayaw
  4639 | D:6      | Reached skill level 5 in Fighting
  4639 | D:6      | Reached skill level 5 in Dodging
  4639 | D:6      | Reached skill level 6 in Unarmed Combat
  4888 | D:6      | Found a broken altar of Ashenzari.
  4914 | D:6      | Found a hazy altar of Hepliaklqana.
  4917 | D:6      | Reached XP level 9. HP: 84/88 MP: 8/8
  4925 | D:6      | Found a radiant altar of Vehumet.
  4928 | D:6      | Found an opulent altar of Gozag.
  5485 | D:6      | Found an iron altar of Okawaru.
  5578 | D:6      | Found a snail-covered altar of Cheibriados.
  6050 | D:7      | Reached ***** piety under Uskayaw
  6437 | D:7      | Reached skill level 7 in Unarmed Combat
  6974 | D:8      | Noticed Maurice
  6989 | D:8      | Killed Maurice
  7016 | D:8      | Found a runed translucent gate.
  7016 | D:8      | Noticed LobsterGuardian's ghost (novice DsNe)
  7017 | D:8      | Found a runed translucent gate.
  7018 | D:8      | Found a runed translucent gate.
  7037 | D:8      | Reached XP level 10. HP: 69/98 MP: 9/9
  7045 | D:8      | Paralysed by a hornet for 1 turns
  7565 | D:8      | Noticed Joseph
  7578 | D:8      | Killed Joseph
  8051 | D:9      | Noticed Psyche
  8057 | D:9      | Killed Psyche
  8058 | D:9      | Reached skill level 8 in Unarmed Combat
  8388 | D:9      | You fall into a shaft and drop 2 floors!
  8403 | D:11     | Noticed a two-headed ogre
  8406 | D:11     | Noticed a gargoyle
  8409 | D:11     | Killed a two-headed ogre
  8414 | D:11     | Killed a gargoyle
  8549 | D:11     | Noticed a boulder beetle
  8549 | D:11     | Noticed a manticore
  8594 | D:11     | Noticed a manticore
  8602 | D:11     | Killed from afar by a manticore

Illustrated notes

Levels and vault maps discovered:
D:1:      heliophobic_arrival_ceremonial_halls, layout_basic, serial_forest,
          infiniplex_forest_3_way, infiniplex_forest_lined_1,
          infiniplex_forest_clump_large, infiniplex_forest_end_2,
          infiniplex_forest_pool, infiniplex_forest_lined_room_3,
          infiniplex_forest_lined_2, infiniplex_forest_straight_4,
          minmay_misc_feat_encased, minmay_split_cup_small
D:2:      layout_loops_corners, hellmonk_ecumenical_altar_pennies_from_heaven
D:3:      layout_rooms, hangedman_decor_clover_reticule, goddamned_bats
D:4:      layout_gridville
D:5:      layout_loops_ring, minmay_temple_entry_offerings, uniq_pikel,
          uniq_edmund, uniq_menkaure
D:6:      layout_basic, mainiacjoe_overflow_small_starburst,
          nicolae_overflow_hidden_temple, grunt_temple_overflow_cloverleaf,
          nrook_mini_vaults
D:7:      layout_rooms
D:8:      layout_loops_cross, biasface_ghost_orc_armoury, uniq_joseph,
          uniq_maurice
D:9:      layout_cave_pools, serial_gnoll_camp, gnoll_camp_medium_01,
          gnoll_camp_huts_moat, gnoll_camp_mini_hut, gnoll_camp_mini_hut,
          gnoll_camp_medium_02, uniq_psyche
D:11:     layout_cave_pools, minmay_pinched_square
Temple:   nicolae_temple_bog_church

Skill      XL: |  1  2  3  4  5  6  7  8  9 10 |
---------------+-------------------------------+-----
Dodging        | 2 3 4 5 6 7 |  7.2
Fighting       | 2 3 4 5 6 7 |  7.2
Unarmed Combat | 3 4 5 6 7 8 |  8.6
Shapeshifting  | 4 5 6 7 |  7.7

Action                     |  1- 3 |  4- 6 |  7- 9 | 10-12 || total
---------------------------+-------+-------+-------+-------++-------
  Melee: Unarmed           |    62 |   150 |   212 |    91 ||   515
         Punch             |       |     3 |     9 |     3 ||    15
Ability: Begin Untransform |       |       |     1 |       ||     1
  Evoke: Wand              |       |       |       |     3 ||     3
    Use: Scroll            |       |     7 |    11 |     2 ||    20
   Stab: Sleeping          |     1 |     1 |       |       ||     2
         Paralysed         |       |       |    12 |     5 ||    17
 Armour: Animal skin       |    12 |    73 |    40 |     9 ||   134
  Dodge: Dodged            |    34 |    79 |   122 |    51 ||   286
   Form: Beast             |       |       |     1 |       ||     1

Table legend: (Time is in decaauts)
 A = Elapsed time spent in this place.
 B = Non-inter-level travel time spent in this place.
 C = Inter-level travel time spent in this place.
 D = Time resting spent in this place.
 E = Time spent auto-exploring this place.
 F = Levels seen in this place.
 G = Mean time per level.
                   A        B        C        D        E       F      G
               +--------+--------+--------+--------+--------+-----+--------+
         Total |   8564 |   8023 |    541 |   2367 |   4188 |  11 |  778.5 |
       Dungeon |   8527 |   8001 |    526 |   2367 |   4188 |  10 |  852.7 |
        Temple |     36 |     21 |     15 |      0 |      0 |   1 |   36.0 |
               +--------+--------+--------+--------+--------+-----+--------+

Top non-repeatable levels by time:
     D:5: 1381 daAuts
     D:8: 1250 daAuts
     D:4: 1215 daAuts
     D:2: 974 daAuts
     D:6: 884 daAuts
     D:7: 852 daAuts
     D:3: 689 daAuts
     D:1: 681 daAuts
     D:9: 383 daAuts
    D:11: 212 daAuts
  Temple: 36 daAuts
